 Dungeon Crawl Stone Soup version 0.31-a0-960-g0fca184906 (webtiles) character file.

Game seed: 18225952944802217348

25 DocEon the Chopper (level 2, -1/26 HPs)
             Began as a Minotaur Berserker on Oct 23, 2023.
             Was a Follower of Trog.
             Slain by a kobold
             ... wielding a +2 short sword of electrocution
              (4 damage)
             ... on level 1 of the Dungeon.
             The game lasted 00:00:20 (213 turns).

DocEon the Chopper (Minotaur Berserker)              Turns: 213, Time: 00:00:20

Health: -1/26      AC:  3    Str: 21    XL:     2   Next: 86%
Magic:  1/1        EV: 12    Int:  4    God:    Trog [*.....]
Gold:   37         SH:  5    Dex:  9    Spells: 1/1 levels left

rFire   . . .        a - +0 hand axe
rCold   . . .        (no shield)
rNeg    . . .        b - +0 animal skin
rPois   .            (helmet restricted)
rElec   .            d - +0 cloak
rCorr   .            (no gloves)
SInv    .            (no boots)
Will    .....        c - amulet of reflection
Stlth   +            (no ring)
HPRegen 0.24/turn    (no ring)
MPRegen 0.07/turn

%: reflection
@: no status effects
A: horns 2, retaliatory headbutt
a: Renounce Religion, Berserk


You were on level 1 of the Dungeon.
You worshipped Trog.
Trog was aware of your devotion.
You visited 1 branch of the dungeon, and saw 1 of its levels.

You collected 37 gold pieces.

Inventory:

Hand Weapons
 a - a +0 hand axe (weapon)
Armour
 b - a +0 animal skin (worn)
 d - a +0 cloak (worn)
Jewellery
 c - an amulet of reflection (around neck)
Scrolls
 e - a scroll of immolation {unknown}
Potions
 f - a potion of lignification {unknown}


   Skills:
 - Level 3.6 Fighting
 * Level 5.0 Axes
 - Level 2.4 Armour
 - Level 2.1 Dodging


You had one spell level left.
You didn't know any spells.
Your spell library was empty.

Dungeon Overview and Level Annotations

Branches:
Dungeon (1/15)

Altars:


Innate Abilities, Weirdness & Mutations

You have a pair of horns on your head.
You reflexively headbutt those who attack you in melee.


Message History

The jackal bites you but does no damage.
The jackal closely misses you.
There are monsters nearby!
You hit the jackal but do no damage. Your headbutt misses the jackal.
The jackal is heavily wounded.
You hit the jackal. The jackal barely misses you.
You block the jackal's attack. The jackal completely misses you.
You furiously retaliate!
You headbutt the jackal.
You kill the jackal!
Trog accepts your kill.
There are monsters nearby!
You miss the jackal. You headbutt the jackal.
You kill the jackal!
Trog accepts your kill.
You closely miss the jackal. The jackal bites you.
A kobold comes into view.
It is wielding a +2 short sword of electrocution.
Your Axes skill increases to level 5!
There are monsters nearby!
You hit the jackal. Your headbutt misses the jackal.
The jackal is heavily wounded.
The jackal bites you but does no damage.
You block the jackal's attack.
There are monsters nearby!
You slash the jackal!
You kill the jackal!
Trog accepts your kill.
A kobold is nearby!
The kobold hits you with a +2 short sword of electrocution.
You are electrocuted!!
Ouch! That really hurt!
* * * LOW HITPOINT WARNING * * *
There is a dry fountain here.
You see here a jackal corpse.
A kobold is nearby!
You are too injured to fight recklessly!
You are too injured to fight recklessly!
You are too injured to fight recklessly!
You barely miss the kobold.
The kobold hits you with a +2 short sword of electrocution.
You die...

..##### .##...# # .#
..#...#####.#.. #.#
..#...#.....#.. #..##
......#.###.... ...$
............... ...#
........######.###..#
###...### ##..#..K#.#
........###..#..@.8#
...†.........#.⌠..##
.............#:..#_#
..............#8#∩#..
............)..###..⌠.
...##...........#8.⌠..#
#..##.#....>.....#
..#.#
#......††.........#
#.##
#..##..#.##......... .#


You could see a kobold.

Vanquished Creatures
  3 bats (D:1)
  An endoplasm (D:1)
  2 giant cockroaches (D:1)
  A hobgoblin (D:1)
  10 jackals (D:1)
  A ball python (D:1)
  3 kobolds (D:1)
21 creatures vanquished.

Notes
Turn   | Place    | Note
-------+----------+-------------------------------------------
     0 | D:1      | DocEon the Minotaur Berserker began the quest for the Orb.
     0 | D:1      | Reached XP level 1. HP: 19/19 MP: 0/0
    25 | D:1      | Reached skill level 4 in Axes
    32 | D:1      | Reached XP level 2. HP: 25/26 MP: 1/1
   204 | D:1      | Found a faded altar of an unknown god.
   210 | D:1      | Reached skill level 5 in Axes
   213 | D:1      | Slain by a kobold

Illustrated notes

Levels and vault maps discovered:
D:1:      tarquinn_simple_flora_water_d, layout_rooms,
          shapermc_ecumenical_altar_venn, hangedman_abyss_or_decor_lesser_grid,
          minmay_pentomino_x4

Skill      XL: |  1  2 |
---------------+-------+-----
Axes           | 4 5 |  5.0
Fighting       | |  3.6
Armour         | |  2.4
Dodging        | |  2.1

Action                     || total
---------------------------++-------
  Melee: Hand axe          ||    40
         Punch             ||     2
         Headbutt          ||     5
 Invoke: Berserk           ||     1
 Armour: Animal skin       ||    31
  Dodge: Dodged            ||    38
  Block: Other             ||     6

Table legend: (Time is in decaauts)
 A = Elapsed time spent in this place.
 B = Non-inter-level travel time spent in this place.
 C = Inter-level travel time spent in this place.
 D = Time resting spent in this place.
 E = Time spent auto-exploring this place.
 F = Levels seen in this place.
 G = Mean time per level.
                   A        B        C        D        E       F      G
               +--------+--------+--------+--------+--------+-----+--------+
         Total |    221 |    221 |      0 |     12 |    110 |   1 |  221.0 |
       Dungeon |    221 |    221 |      0 |     12 |    110 |   1 |  221.0 |
               +--------+--------+--------+--------+--------+-----+--------+

Top non-repeatable levels by time:
     D:1: 221 daAuts
